TOP OF THE 1ST |
So Cal Bruins batting - Pitching for Orlando Calrissian : RHP Arthur Melton
|
Pitching: RHP Arthur Melton
|
|
Batting: RHB Greg King
|
0-0: Called Strike 0-1: SINGLE (Flyball, 78M)
|
Batting: SHB Martín De Jesús
|
0-0: Ball 1-0: DOUBLE (Line Drive, 7LD) Greg King to third
|
Batting: LHB José Antonio Santiago
|
0-0: Fly out, F1 (Line Drive, 13)
|
Batting: LHB Brent Alonzo
|
0-0: Ground out 6-3 (Groundball, 6MD) Greg King scores Martín De Jesús to third
|
Batting: RHB Rubén Calderón
|
0-0: Ball 1-0: Ball 2-0: Foul Ball, location: 2F 2-1: Foul Ball, location: 2F 2-2: Strikes out swinging
|
Top of the 1st over - 1 run, 2 hits, 0 errors, 1 left on base; So Cal 1 - Orlando 0 |
BOTTOM OF THE 1ST |
Orlando Calrissian batting - Pitching for So Cal Bruins : RHP Juan González
|
Pitching: RHP Juan González
|
|
Batting: RHB Augusto Padilla
|
0-0: SINGLE (Groundball, 6MD)
|
Batting: RHB Sean White
|
0-0: Foul Ball, location: 2F 0-1: Grounds into double play, 5-4-3 (Groundball, 56)
|
Batting: RHB Gabriel Ángel
|
0-0: Ball 1-0: Ball 2-0: Ground out 4-3 (Groundball, 4MD)
|
Bottom of the 1st over - 0 runs, 1 hit, 0 errors, 0 left on base; So Cal 1 - Orlando 0 |
TOP OF THE 2ND |
So Cal Bruins batting - Pitching for Orlando Calrissian : RHP Arthur Melton
|
Batting: LHB Alberto Varela
|
0-0: Ball 1-0: Called Strike 1-1: Ball 2-1: Ball 3-1: Base on Balls
|
Batting: LHB Edward Rose
|
0-0: Called Strike 0-1: Fly out, F9 (Flyball, 9)
|
Batting: SHB Chris Woods
|
0-0: Ball Alberto Varela is caught stealing 2nd base 1-0: Foul Ball, location: 2F 1-1: Ball 2-1: Called Strike 2-2: Strikes out swinging, 2-3 out at first.
|
Top of the 2nd over - 0 runs, 0 hits, 0 errors, 0 left on base; So Cal 1 - Orlando 0 |
BOTTOM OF THE 2ND |
Orlando Calrissian batting - Pitching for So Cal Bruins : RHP Juan González
|
Batting: RHB Raúl Canó
|
0-0: Ground out 4-3 (Groundball, 4)
|
Batting: RHB Frederico Hernández
|
0-0: Ball 1-0: Ball 2-0: SINGLE (Groundball, 56D)
|
Batting: RHB Griswold Coleman
|
0-0: Foul Ball, location: 2F 0-1: Ball 1-1: Ball 2-1: Ball 3-1: Fly out, F8 (Flyball, 8RD)
|
Batting: LHB Juan Colón
|
0-0: Fly out, F8 (Line Drive, 89XD)
|
Bottom of the 2nd over - 0 runs, 1 hit, 0 errors, 1 left on base; So Cal 1 - Orlando 0 |
TOP OF THE 3RD |
So Cal Bruins batting - Pitching for Orlando Calrissian : RHP Arthur Melton
|
Batting: RHB Pedro Mata
|
0-0: Ground out 5-3 (Groundball, 56)
|
Batting: RHB Greg King
|
0-0: Ball 1-0: Ball 2-0: Ball 3-0: Base on Balls
|
Batting: SHB Martín De Jesús
|
0-0: Ball 1-0: Called Strike 1-1: Called Strike 1-2: Ball 2-2: Strikes out swinging
|
Batting: LHB José Antonio Santiago
|
0-0: Called Strike 0-1: Called Strike 0-2: Foul Ball, location: 2F 0-2: Ball Greg King steals 2nd base 1-2: Foul Ball, location: 2F 1-2: Strikes out swinging, 2-3 out at first.
|
Top of the 3rd over - 0 runs, 0 hits, 0 errors, 1 left on base; So Cal 1 - Orlando 0 |
BOTTOM OF THE 3RD |
Orlando Calrissian batting - Pitching for So Cal Bruins : RHP Juan González
|
Batting: SHB Brian Price
|
0-0: Foul Ball, location: 2F 0-1: SINGLE (Groundball, 34D)
|
Batting: LHB Zack Payton
|
0-0: Foul Ball, location: 2F 0-1: Ball 1-1: Ball 2-1: Ball 3-1: Fielders Choice at 2nd, 4-6 (Groundball, 4)
|
Batting: RHB Augusto Padilla
|
0-0: Ball 1-0: Called Strike 1-1: Swinging Strike 1-2: Ball 2-2: Strikes out looking
|
Batting: RHB Sean White
|
0-0: Called Strike 0-1: Ball 1-1: SINGLE (Groundball, 34D) Zack Payton to second Runner from 2nd tries for 3rd, SAFE, throw made at trailing runner, OUT!
|
Bottom of the 3rd over - 0 runs, 2 hits, 0 errors, 1 left on base; So Cal 1 - Orlando 0 |
TOP OF THE 4TH |
So Cal Bruins batting - Pitching for Orlando Calrissian : RHP Arthur Melton
|
Batting: LHB Brent Alonzo
|
0-0: Ground out 5-3 (Groundball, 5)
|
Batting: RHB Rubén Calderón
|
0-0: Ground out 4-3 (Groundball, 4)
|
Batting: LHB Alberto Varela
|
0-0: Ball 1-0: Foul Ball, location: 2F 1-1: Called Strike 1-2: Ground out 4-3 (Groundball, 4)
|
Top of the 4th over - 0 runs, 0 hits, 0 errors, 0 left on base; So Cal 1 - Orlando 0 |
BOTTOM OF THE 4TH |
Orlando Calrissian batting - Pitching for So Cal Bruins : RHP Juan González
|
Batting: RHB Gabriel Ángel
|
0-0: Called Strike 0-1: Ball 1-1: Swinging Strike 1-2: Foul Ball, location: 2F 1-2: Ball 2-2: Ball 3-2: Strikes out looking
|
Batting: RHB Raúl Canó
|
0-0: Foul Ball, location: 2F 0-1: Ball 1-1: Ball 2-1: Foul Ball, location: 2F 2-2: Fly out, F7 (Flyball, 78M)
|
Batting: RHB Frederico Hernández
|
0-0: Ball 1-0: Swinging Strike 1-1: Ball 2-1: Foul Ball, location: 2F 2-2: Strikes out swinging
|
Bottom of the 4th over - 0 runs, 0 hits, 0 errors, 0 left on base; So Cal 1 - Orlando 0 |
TOP OF THE 5TH |
So Cal Bruins batting - Pitching for Orlando Calrissian : RHP Arthur Melton
|
Batting: LHB Edward Rose
|
0-0: Foul Ball, location: 2F 0-1: Ball 1-1: Foul Ball, location: 2F 1-2: Fly out, F8 (Flyball, 8LD)
|
Batting: SHB Chris Woods
|
0-0: Ball 1-0: Fly out, F6 (Popup, 15)
|
Batting: RHB Pedro Mata
|
0-0: Swinging Strike 0-1: Fly out, F7 (Flyball, 7S)
|
Top of the 5th over - 0 runs, 0 hits, 0 errors, 0 left on base; So Cal 1 - Orlando 0 |
BOTTOM OF THE 5TH |
Orlando Calrissian batting - Pitching for So Cal Bruins : RHP Juan González
|
Batting: RHB Griswold Coleman
|
0-0: Ball 1-0: Swinging Strike 1-1: Ball 2-1: Ball 3-1: Foul Ball, location: 2F 3-2: Ground out 4-3 (Groundball, 4S)
|
Batting: LHB Juan Colón
|
0-0: Ball 1-0: Fly out, F3 (Line Drive, 34)
|
Batting: SHB Brian Price
|
0-0: Called Strike 0-1: Ground out 5-3 (Groundball, 56)
|
Bottom of the 5th over - 0 runs, 0 hits, 0 errors, 0 left on base; So Cal 1 - Orlando 0 |
TOP OF THE 6TH |
So Cal Bruins batting - Pitching for Orlando Calrissian : RHP Arthur Melton
|
Batting: RHB Greg King
|
0-0: Called Strike 0-1: Ball 1-1: Ball 2-1: Ground out 6-3 (Groundball, 6S)
|
Batting: SHB Martín De Jesús
|
0-0: Fly out, F6 (Popup, P)
|
Batting: LHB José Antonio Santiago
|
0-0: Ball 1-0: Foul Ball, location: 2F 1-1: Ground out 4-3 (Groundball, 4S)
|
Top of the 6th over - 0 runs, 0 hits, 0 errors, 0 left on base; So Cal 1 - Orlando 0 |
BOTTOM OF THE 6TH |
Orlando Calrissian batting - Pitching for So Cal Bruins : RHP Juan González
|
Batting: LHB Zack Payton
|
0-0: Ball 1-0: Swinging Strike 1-1: Ball 2-1: Foul Ball, location: 2F 2-2: Ball 3-2: Strikes out swinging
|
Batting: RHB Augusto Padilla
|
0-0: Foul Ball, location: 2F 0-1: Ball 1-1: Ground out 4-3 (Groundball, 4)
|
Batting: RHB Sean White
|
0-0: Ball 1-0: Fly out, F9 (Flyball, 89S)
|
Bottom of the 6th over - 0 runs, 0 hits, 0 errors, 0 left on base; So Cal 1 - Orlando 0 |
TOP OF THE 7TH |
So Cal Bruins batting - Pitching for Orlando Calrissian : RHP Arthur Melton
|
Batting: LHB Brent Alonzo
|
0-0: Ground out 6-3 (Groundball, 6)
|
Batting: RHB Rubén Calderón
|
0-0: Ball 1-0: Foul Ball, location: 2F 1-1: DOUBLE (Flyball, 89XD)
|
Batting: LHB Alberto Varela
|
0-0: Ball 1-0: Ball 2-0: Called Strike 2-1: Called Strike 2-2: SINGLE (Groundball, 6D) Rubén Calderón to third Runner from 3rd tries for Home, throw and OUT!
|
Batting: LHB Edward Rose
|
0-0: Ball 1-0: Swinging Strike Alberto Varela steals 2nd base 1-1: Fly out, F6 (Line Drive, 56D)
|
Top of the 7th over - 0 runs, 2 hits, 0 errors, 1 left on base; So Cal 1 - Orlando 0 |
BOTTOM OF THE 7TH |
Orlando Calrissian batting - Pitching for So Cal Bruins : RHP Juan González
|
Batting: RHB Gabriel Ángel
|
0-0: Ball 1-0: SINGLE (Flyball, 7LS)
|
Batting: RHB Raúl Canó
|
0-0: Called Strike 0-1: Ball 1-1: Foul Ball, location: 2F 1-2: Fly out, F8 (Flyball, 8RXD)
|
Batting: RHB Frederico Hernández
|
0-0: Fly out, F9 (Flyball, 9D)
|
Batting: RHB Griswold Coleman
|
0-0: Foul Ball, location: 2F 0-1: Foul Ball, location: 2F 0-2: Ball 1-2: Ball 2-2: Fielders Choice at 2nd, 6-4 (Groundball, 6)
|
Bottom of the 7th over - 0 runs, 1 hit, 0 errors, 1 left on base; So Cal 1 - Orlando 0 |
TOP OF THE 8TH |
So Cal Bruins batting - Pitching for Orlando Calrissian : RHP Arthur Melton
|
Batting: SHB Chris Woods
|
0-0: Ball 1-0: Ball 2-0: Ball 3-0: Called Strike 3-1: Base on Balls
|
Batting: RHB Pedro Mata
|
0-0: Sac Bunt - play at first, batter OUT! 2-4 Chris Woods to second
|
Pinch Hitting: RHB Earl Wiggins
|
0-0: Intentional Walk
|
Batting: SHB Martín De Jesús
|
0-0: Called Strike 0-1: Ball 1-1: Foul Ball, location: 2F 1-2: TRIPLE (Line Drive, 9D) Chris Woods scores Earl Wiggins scores
|
Batting: LHB José Antonio Santiago
|
0-0: Intentional Walk
|
Batting: LHB Brent Alonzo
|
0-0: Ground out 4-3 (Groundball, 4S) Martín De Jesús scores José Antonio Santiago to second
|
Batting: RHB Rubén Calderón
|
0-0: Ball Wild Pitch! José Antonio Santiago to third 1-0: Swinging Strike 1-1: Ball 2-1: Called Strike 2-2: Ball 3-2: Base on Balls
|
Pitching: LHP Keith Jennings
|
|
Batting: LHB Alberto Varela
|
0-0: Ball 1-0: Swinging Strike 1-1: Ball 2-1: DOUBLE (Flyball, 8LXD) José Antonio Santiago scores Rubén Calderón to third
|
Batting: LHB Edward Rose
|
0-0: Ball 1-0: Fly out, F7 (Flyball, 7S)
|
Top of the 8th over - 4 runs, 2 hits, 0 errors, 2 left on base; So Cal 5 - Orlando 0 |
BOTTOM OF THE 8TH |
Orlando Calrissian batting - Pitching for So Cal Bruins : RHP Juan González
|
Now at SS: Jeff Carter
|
|
Batting: LHB Juan Colón
|
0-0: Ball 1-0: Called Strike 1-1: Ground out 1-3 (Groundball, 13)
|
Batting: SHB Brian Price
|
0-0: Called Strike 0-1: Hit by Pitch
|
Batting: LHB Zack Payton
|
0-0: Swinging Strike 0-1: Fly out, F7 (Flyball, 7)
|
Batting: RHB Augusto Padilla
|
0-0: SINGLE (Groundball, 34) (infield hit) Brian Price to second
|
Batting: RHB Sean White
|
0-0: Foul Ball, location: 2F 0-1: Ball 1-1: Foul Ball, location: 2F 1-2: Strikes out swinging
|
Bottom of the 8th over - 0 runs, 1 hit, 0 errors, 2 left on base; So Cal 5 - Orlando 0 |
TOP OF THE 9TH |
So Cal Bruins batting - Pitching for Orlando Calrissian : LHP Keith Jennings
|
Pitching: LHP Mike Murray
|
|
Batting: SHB Chris Woods
|
0-0: Ball 1-0: Called Strike 1-1: Ball 2-1: Called Strike 2-2: Ball 3-2: Strikes out swinging
|
Batting: RHB Pedro Mata
|
0-0: Ball 1-0: Swinging Strike 1-1: SINGLE (Groundball, 56D)
|
Batting: LHB Jeff Carter
|
0-0: Ball 1-0: Called Strike 1-1: Ball 2-1: SINGLE (Flyball, 8LS) Pedro Mata to second Runner from 2nd tries for 3rd, SAFE, no throw
|
Batting: SHB Martín De Jesús
|
0-0: Ball 1-0: Ground out 6-3 (Groundball, 6S) Pedro Mata scores Jeff Carter to second
|
Batting: LHB José Antonio Santiago
|
0-0: Ball 1-0: Foul Ball, location: 2F 1-1: Swinging Strike 1-2: Strikes out swinging
|
Top of the 9th over - 1 run, 2 hits, 0 errors, 1 left on base; So Cal 6 - Orlando 0 |
BOTTOM OF THE 9TH |
Orlando Calrissian batting - Pitching for So Cal Bruins : RHP Juan González
|
Batting: RHB Gabriel Ángel
|
0-0: Ground out 4-3 (Groundball, 34)
|
Batting: RHB Raúl Canó
|
0-0: Fly out, F9 (Flyball, 9S)
|
Batting: RHB Frederico Hernández
|
0-0: Ball 1-0: Ball 2-0: Ball 3-0: Called Strike 3-1: Base on Balls
|
Batting: RHB Griswold Coleman
|
0-0: Called Strike 0-1: Ball 1-1: Foul Ball, location: 2F 1-2: Foul Ball, location: 2F 1-2: Ball 2-2: 2-RUN HOME RUN (Flyball, 7LD), Distance : 356 ft
|
Batting: LHB Juan Colón
|
0-0: Ball 1-0: Ball 2-0: Called Strike 2-1: Foul Ball, location: 2F 2-2: Ball 3-2: Strikes out swinging
|
Bottom of the 9th over - 2 runs, 1 hit, 0 errors, 0 left on base; So Cal 6 - Orlando 2 |
|